 Dungeon Crawl Stone Soup version 0.28-a0-1524-ge72afd5fc6 (webtiles) character file.

Game seed: 1883193653894306126

295 comborobin the Ruffian (level 6, 28/43 HPs)
             Began as an Octopode Cinder Acolyte on Jan 18, 2022.
             Was a High Priest of Ignis.
             Quit the game on level 3 of the Dungeon.
             The game lasted 00:03:19 (3715 turns).

comborobin the Ruffian (Octopode Cinder Acolyte)    Turns: 3715, Time: 00:03:20

Health: 28/43      AC:  1    Str: 13    XL:     6   Next: 34%
Magic:  9/9        EV: 12    Int: 18    God:    Ignis [*****.]
Gold:   987        SH:  0    Dex:  8    Spells: 10/10 levels left

rFire   + + .      SeeInvis .     - Unarmed
rCold   . . .      Faith    .   (no shield)
rNeg    . . .      Spirit   .   (helmet restricted)
rPois   .          Reflect  .   (no amulet)
rElec   .          Harm     .   i - ring of protection from fire
rCorr   .          Rampage  .   (no ring)
Will    .....                   (no ring)
Stlth   ++........              (no ring)
HPRegen 0.14/turn               (no ring)
MPRegen 0.11/turn               (no ring)
                                (no ring)
                                (no ring)

@: no status effects
A: almost no armour, amphibious, 8 rings, camouflage 1, gelatinous body 1,
(nimble swimmer 1), tentacles
a: Renounce Religion, Fiery Armour, Foxfire Swarm


You were on level 3 of the Dungeon.
You worshipped Ignis.
Ignis was extremely pleased with you.
You visited 1 branch of the dungeon, and saw 3 of its levels.

You collected 987 gold pieces.

Inventory:

Jewellery
 i - a ring of protection from fire (left tentacle)
Scrolls
 a - 2 scrolls of fog {unknown}
 b - 2 scrolls of teleportation {unknown}
 c - a scroll of magic mapping {unknown}
 g - a scroll of identify {unknown}
 k - a scroll of enchant armour {unknown}
Potions
 d - a potion of curing {unknown}
 e - a potion of attraction
 f - a potion of mutation {unknown}


   Skills:
 - Level 4.0 Fighting
 * Level 5.0 Unarmed Combat
 - Level 2.5 Spellcasting
 - Level 4.0 Fire Magic


You had 10 spell levels left.
You didn't know any spells.
Your spell library contained the following spells:

 Spells                   Type           Power      Damage    Failure   Level
 Scorch                   Fire           32%        2d7       4%          2
 Ensorcelled Hibernation  Hex/Ice        4%         N/A       26%         2
 Passwall                 Tmut/Erth      1%         N/A       26%         2
 Swiftness                Air            2%         N/A       45%         3


Dungeon Overview and Level Annotations

Branches:
Dungeon (3/15)

Altars:
Makhleb


Innate Abilities, Weirdness & Mutations

You cannot wear most types of armour.
You are amphibious.
You can wear up to eight rings at the same time.
Your skin changes colour to match your surroundings (Stealth+).
Your rubbery body absorbs attacks. (AC +1, EV +1)
((You are camouflaged when in or above water. (Stealth+)))
You have tentacles for arms and can constrict up to eight enemies at once.


Message History

HP restored.
d - a green potion
f - a murky coppery potion
Found a stone staircase leading down.
There is an open door here.
An endoplasm is nearby!
An endoplasm is nearby!
Okay, then.
The endoplasm quivers.
The endoplasm freezes you.
You are frozen.
You tentacle-slap the endoplasm.
You kill the endoplasm!
Found a stone staircase leading up.
A river rat is nearby!
A river rat is nearby!
The river rat barely misses you.
You bludgeon the river rat! Your grab misses the river rat.
Your squeeze misses the river rat.
The river rat is severely wounded.
The river rat bites you!
You closely miss the river rat. You grab the river rat.
The river rat is severely wounded.
You constrict the river rat, but do no damage.
The river rat bites you.
A river rat is nearby!
You tentacle-slap the river rat.
Your tentacle-slap misses the river rat.
Your squeeze misses the river rat.
The river rat is almost dead.
You constrict the river rat. The river rat misses you.
You barely miss the river rat.
The river rat is almost dead.
You constrict the river rat.
You kill the river rat!
Your Unarmed Combat skill increases to level 5!
No target in view!
No target in view!
You swing at nothing.
Are you sure you want to abandon this character and quit the game? (Confirm with "yes".)

.................................
##(....####.................##..#
#.#.#....#.###.##...######.###.#
#.#.####.#.#...##...............
#.#......#.........#.#####.###.#
##......#.#.#.#######........#...
#######.#.#.........#............
# #...#.#.....#.#.#####.....#
#######...#...##@...#.# ####...
.....##.............#.# ######.##
.........##.#.#<..#.#.###........
.....#...##.# ###.#.#..##........
#######..##.# #.#.#..##........ #
#.....# #......#######'## #
#..##.# ###.#..# #####.# #
#.....# ...#..# #...#.# #.#.#.#
#######..# #...#.#


There were no monsters in sight!

Vanquished Creatures
  Sigmund (D:2)
  Terence (D:1)
  An orc wizard (D:3)
  3 river rats (D:3)
  2 adders
  2 worms (D:2)
  A dart slug (D:2)
  3 orcs (D:3)
  5 ball pythons
  A bat (D:1)
  4 endoplasms
  A giant cockroach (D:3)
  4 goblins
  4 hobgoblins
  4 jackals
  5 kobolds
  2 frilled lizards
  5 rats
49 creatures vanquished.

Vanquished Creatures (others)
  18 foxfires (D:1)
18 creatures vanquished.

Grand Total: 67 creatures vanquished

Notes
Turn   | Place    | Note
-------+----------+-------------------------------------------
     0 | D:1      | comborobin the Octopode Cinder Acolyte began the quest for
                  | the Orb.
     0 | D:1      | Reached XP level 1. HP: 16/16 MP: 2/2
   324 | D:1      | Found a faded altar of an unknown god.
   357 | D:1      | Reached XP level 2. HP: 21/21 MP: 3/3
  1018 | D:2      | Noticed Terence
  1087 | D:1      | Killed Terence
  1088 | D:1      | Reached XP level 3. HP: 3/26 MP: 5/5
  1713 | D:2      | Noticed Sigmund
  1760 | D:2      | Killed Sigmund
  1761 | D:2      | Reached skill level 4 in Unarmed Combat
  1761 | D:2      | Reached XP level 4. HP: 19/33 MP: 5/7
  1761 | D:2      | Reached XP level 5. HP: 22/37 MP: 5/8
  2132 | D:2      | Found a burning altar of Makhleb.
  2938 | D:3      | Reached XP level 6. HP: 43/43 MP: 9/9
  3191 | D:3      | Identified a scroll of acquirement
  3191 | D:3      | Acquired 832 gold pieces
  3714 | D:3      | Reached skill level 5 in Unarmed Combat
  3715 | D:3      | Quit the game

Illustrated notes

Levels and vault maps discovered:
D:1:      dpeg_arrival_simpleton_a, layout_basic,
          hellmonk_ecumenical_altar_leap_of_faith, minmay_pentomino_q2
D:2:      layout_loops_ring, basic_altar, kennysheep_generic_room_11,
          uniq_terence, uniq_sigmund
D:3:      layout_basic, portal_sewer_entry_b, serial_park_tiny_1

Skill      XL: |  1  2  3  4  5  6 |
---------------+-------------------+-----
Fighting       | 4 |  4.0
Unarmed Combat | 4 5 |  5.0
Spellcasting   | 2 |  2.5
Fire Magic     | 4 |  4.0

Action                   |  1- 3 |  4- 6 || total
-------------------------+-------+-------++-------
Melee: Unarmed           |    64 |    72 ||   136
       Constrict         |    15 |    13 ||    28
       Tentacles         |     8 |    11 ||    19
       Punch             |     2 |     1 ||     3
Invok: Foxfire Swarm     |     1 |       ||     1
       Rising Flame      |       |     1 ||     1
  Use: Potion            |     4 |     2 ||     6
       Scroll            |       |     4 ||     4
 Stab: Sleeping          |     3 |     1 ||     4
Armor: Skin              |     8 |     5 ||    13
Dodge: Dodged            |    46 |    46 ||    92

Table legend: (Time is in decaauts)
 A = Elapsed time spent in this place.
 B = Non-inter-level travel time spent in this place.
 C = Inter-level travel time spent in this place.
 D = Time resting spent in this place.
 E = Time spent auto-exploring this place.
 F = Levels seen in this place.
 G = Mean time per level.
                   A        B        C        D        E       F      G
               +--------+--------+--------+--------+--------+-----+--------+
         Total |   3706 |   3597 |    109 |    491 |   2645 |   3 | 1235.3 |
       Dungeon |   3706 |   3597 |    109 |    491 |   2645 |   3 | 1235.3 |
               +--------+--------+--------+--------+--------+-----+--------+

Top non-repeatable levels by time:
     D:1: 1584 daAuts
     D:2: 1204 daAuts
     D:3: 917 daAuts
